Map: Golden Wall LE

Players

liquidthermy (uThermal) - Winner!

  • Race: Terran Terran
  • Spawn Location: 5:00

Lambo

  • Race: Zerg Zerg
  • League: Master
  • Spawn Location: 7:00

Event: Shopify TSL 5

VOD

Have the link to the VOD?

Description

Time

  • Played on: May 16, 2020, 12:26 p.m.
  • Length: 24:15

All games in this series

Show
View Real Time Build Order
Export as new Build Order

liquidthermy Terran - Winner!

Build Orders: Liberator Opening, Reaper Expand 

Get SALT Encoding   

  12  0:01  SCV  
  13  0:13  SCV  
  14  0:17  Supply Depot  
  14  0:25  SCV  
  15  0:38  SCV  
  15  0:39  Barracks  
  16  0:43  Refinery  
  16  0:50  SCV  
  17  1:02  SCV  
  18  1:15  SCV  
  19  1:26  Reaper  
  19  1:27  Orbital Command  
  20  1:41  Command Center  
  20  1:49  Supply Depot  
  20  1:53  SCV  
  21  1:57  Marine  
  22  2:05  SCV  
  23  2:11  Factory  
  23  2:17  SCV  
  23  2:21  Barracks Reactor  
  24  2:29  SCV  
  25  2:41  SCV  
  26  2:45  Command Center  
  26  2:53  SCV  
  26  2:55  Orbital Command  
  27  3:04  Starport  
  27  3:07  SCV  
  27  3:11  Refinery  
  28  3:19  SCV  
  29  3:20  Hellion  
  29  3:21  SCV  
  29  3:25  Hellion  
  34  3:31  SCV  
  34  3:33  SCV  
  36  3:40  Viking  
  38  3:42  Hellion  
  38  3:43  SCV  
  38  3:45  SCV  
  42  3:50  Hellion  
  42  3:55  SCV  
  45  3:57  SCV  
  45  3:58  Orbital Command  
  46  4:05  Supply Depot, Hellion  
  48  4:11  Hellion, Liberator  
  48  4:16  SCV x2  
  55  4:22  Barracks Tech Lab  
  55  4:23  SCV  
  56  4:27  Hellion  
  56  4:28  SCV x2  
  56  4:30  Supply Depot  
  59  4:33  Hellion  
  59  4:35  SCV  
  62  4:40  SCV x2, Stimpack  
  62  4:44  Marine  
  65  4:48  SCV  
  65  4:52  SCV x2  
  68  4:59  Starport Reactor  
  68  5:02  Marine  
  68  5:03  Barracks, Factory Tech Lab  
  68  5:04  Barracks  
  70  5:07  SCV x2, Refinery  
  70  5:08  Engineering Bay  
  70  5:10  Engineering Bay  
  71  5:19  SCV x2  
  71  5:20  Marine  
  74  5:22  Barracks x2  
  74  5:23  Supply Depot, Orbital Command  
  74  5:25  Siege Tank  
  77  5:32  SCV x2  
  77  5:37  Marine  
  65  5:44  SCV x2  
  63  5:50  Terran Infantry Weapons Level 1, Refinery  
  63  5:52  Starport Reactor, Terran Infantry Armor Level 1  
  63  5:53  SCV  
  63  5:55  Marine  
  63  5:56  SCV x2, Marine x2  
  69  5:59  Supply Depot  
  69  6:02  Marine  
  70  6:05  SCV  
  70  6:06  Marine  
  70  6:08  SCV x2  
  74  6:13  Barracks Reactor x2, Marine  
  74  6:14  Marine x2  
  74  6:17  SCV  
  76  6:20  SCV x2, Marine  
  76  6:22  Siege Tank  
  76  6:23  Marine  
  83  6:26  Supply Depot  
  83  6:27  Supply Depot  
  83  6:28  Supply Depot  
  83  6:29  SCV  
  83  6:30  Combat Shield  
  83  6:31  Marine  
  83  6:32  SCV  
  86  6:33  Marine  
  86  6:34  SCV, Marine  
  86  6:37  Medivac  
  86  6:38  Marine  
  92  6:42  Supply Depot  
  92  6:44  Refinery  
  92  6:45  Marine  
  93  6:47  Medivac  
  93  6:49  Marine  
  93  6:50  Marine x3  
  99  6:56  Barracks  
  99  6:57  Marine, Barracks x2  
  99  6:58  Marine x3  
  103  7:02  Supply Depot  
  103  7:03  Factory Reactor, Marine  
  103  7:07  Medivac  
  106  7:09  Marine x3  
  106  7:13  Factory  
  106  7:15  Supply Depot, Marine  
  111  7:17  Medivac, Marine  
  111  7:19  Marine x2  
  111  7:21  Missile Turret  
  115  7:23  Missile Turret  
  115  7:25  Supply Depot, Missile Turret, Marine x2  
  115  7:26  Supply Depot, Marine  
  115  7:28  Marine  
  119  7:33  Marine  
  119  7:34  Marine  
  121  7:38  Command Center  
  121  7:40  Widow Mine x2  
  121  7:41  Marine  
  126  7:44  Marine  
  126  7:46  Sensor Tower  
  126  7:48  Medivac  
  126  7:49  Marine  
  130  7:52  Marine  
  130  7:54  Marine  
  130  7:57  Armory  
  132  8:01  Widow Mine  
  132  8:02  Widow Mine x2  
  132  8:04  Barracks Tech Lab x3  
  130  8:13  Marine x2  
  130  8:17  Marine  
  130  8:18  Marine  
  133  8:20  Marine x2  
  133  8:22  Supply Depot  
  133  8:23  Widow Mine  
  133  8:24  Widow Mine x2, Marine  
  133  8:25  Marine  
  143  8:27  Marine  
  144  8:40  SCV  
  144  8:41  Marine x2  
  143  8:42  Marine  
  143  8:44  Terran Infantry Armor Level 2, Widow Mine, Terran Infantry Weapons Level 2  
  143  8:45  Drilling Claws, Terran Vehicle And Ship Armor Level 1  
  143  8:46  Marine x2  
  148  8:54  SCV  
  149  8:56  SCV  
  149  8:57  Command Center, Marine  
  149  9:01  Marine  
  150  9:07  Medivac, Marine  
  150  9:09  Medivac, Marine x2  
  156  9:14  Widow Mine x2  
  160  9:19  Marine, Thor  
  160  9:21  Marine  
  153  9:26  SCV  
  153  9:27  SCV, Planetary Fortress  
  153  9:28  SCV  
  153  9:29  Marine  
  157  9:42  Widow Mine x2, Marine x2  
  157  9:45  Marine x2  
  164  9:48  Marine  
  164  9:51  Marine  
  164  9:52  SCV  
  166  9:53  Marine  
  166  9:59  Marine  
  162  10:03  Widow Mine x2  
  173  10:08  Medivac  
  175  10:17  Medivac  
  175  10:19  Marine  
  157  10:23  Marine x2  
  157  10:25  Marine x2, Widow Mine  
  157  10:27  Command Center x2  
  163  10:29  Widow Mine, Marine, Siege Tank  
  163  10:30  Marine  
  163  10:31  Marine  
  163  10:35  Marine  
  166  10:38  Medivac, Marine  
  166  10:39  Marine x2  
  166  10:42  Marine  
  164  10:43  Marine x2  
  164  10:45  Marine  
  164  10:46  Widow Mine  
  164  10:47  Medivac, Marine x2  
  170  10:51  Widow Mine  
  170  10:52  Marine x2  
  170  10:55  SCV x2  
  170  10:56  SCV  
  162  10:58  Marine  
  162  11:01  Widow Mine  
  162  11:02  Terran Infantry Weapons Level 3  
  165  11:08  Medivac  
  165  11:10  SCV x2  
  165  11:11  SCV  
  163  11:24  Widow Mine, Marine  
  163  11:25  Marine x7  
  153  11:26  Marine x2  
  153  11:27  Marauder x2  
  153  11:28  Medivac, Widow Mine, Siege Tank  
  167  11:38  Planetary Fortress, Medivac  
  167  11:41  Orbital Command  
  167  11:42  Marine  
  167  11:43  Marine x2  
  167  11:44  Marauder  
  167  11:46  Widow Mine  
  170  11:47  Marine  
  170  11:48  Marauder x2, Marine  
  170  11:49  Widow Mine  
  174  11:54  Marine  
  174  11:55  Marauder  
  174  11:56  Marine  
  174  11:58  SCV  
  174  11:59  SCV x2  
  174  12:00  Widow Mine  
  185  12:05  Terran Infantry Armor Level 3, Refinery, Marine x2  
  185  12:06  Marauder  
  185  12:13  Widow Mine x2  
  189  12:17  Marauder, Marine  
  189  12:18  Marauder, Marine  
  193  12:26  Marine  
  193  12:28  Marine x2  
  167  12:30  Marauder, Marine x2  
  167  12:31  Marauder  
  167  12:32  Siege Tank  
  167  12:33  Marine  
  167  12:34  SCV, Widow Mine x2, Marine  
  167  12:35  SCV x2  
  185  12:39  Marauder  
  185  12:41  Concussive Shells  
  185  12:42  Marauder, Marine  
  190  12:56  Widow Mine x2  
  167  13:01  Marine x6  
  167  13:02  Marine x2  
  167  13:03  Marauder  
  167  13:04  Planetary Fortress  
  167  13:05  SCV x2, Widow Mine  
  171  13:06  Medivac, Command Center  
  171  13:09  Marauder, Marine  
  176  13:14  SCV x2  
  176  13:15  SCV  
  176  13:16  Marine  
  176  13:17  Widow Mine  
  182  13:21  Medivac, Marine  
  182  13:24  Marauder  
  184  13:31  Marine x2  
  184  13:32  Marauder x2, Marine  
  184  13:33  Widow Mine, Siege Tank  
  164  13:42  Marine x2  
  164  13:43  Marauder  
  164  13:44  Widow Mine  
  164  13:45  Medivac  
  172  13:49  Marine  
  172  13:50  Marauder, Marine x3  
  172  13:53  SCV, Marauder  
  179  13:58  Barracks x2  
  179  14:01  Medivac  
  179  14:02  Marine  
  154  14:04  Barracks  
  154  14:05  Siege Tank  
  154  14:06  Widow Mine  
  154  14:07  Marauder, Marine  
  154  14:08  SCV x2  
  149  14:10  SCV x2  
  149  14:15  Medivac  
  149  14:16  Widow Mine  
  155  14:18  Command Center  
  155  14:20  SCV x3, Orbital Command  
  155  14:22  Marine  
  155  14:24  Marauder, Marine  
  159  14:25  Missile Turret  
  159  14:26  SCV  
  159  14:27  Refinery  
  159  14:30  Widow Mine  
  165  14:31  Medivac, Missile Turret  
  165  14:35  Marine x3  
  165  14:36  Marauder  
  172  14:39  SCV  
  172  14:40  Widow Mine  
  172  14:43  Siege Tank  
  178  14:49  Marauder, Marine  
  181  14:58  Marine  
  181  14:59  Marauder  
  182  15:07  Marine  
  182  15:08  Marauder, Marine  
  182  15:12  Marine  
  182  15:13  Medivac, Marauder, Widow Mine  
  193  15:14  Command Center  
  193  15:17  Marine  
  193  15:18  Marauder  
  193  15:19  Marine, Widow Mine  
  193  15:20  Neosteel Armor  
  193  15:21  Sensor Tower, Marine, Hi-Sec Auto Tracking  
  199  15:27  Widow Mine  
  200  15:38  Marine  
  200  15:39  Marauder  
  198  15:43  Widow Mine  
  200  15:51  Command Center  
  200  15:52  Command Center  
  200  15:56  Marauder, Command Center, Marine  
  183  16:00  Siege Tank  
  183  16:01  Widow Mine, Marine x2  
  183  16:02  Marauder x2  
  194  16:04  Command Center  
  194  16:05  Widow Mine  
  194  16:06  Liberator  
  194  16:08  Fusion Core  
  194  16:11  Marine  
  183  16:26  Marine x2, Liberator  
  183  16:27  Marauder x2, Marine, Widow Mine  
  183  16:28  Marauder, Marine x2  
  183  16:32  Widow Mine, Marine  
  194  16:33  Marauder  
  194  16:38  Marine  
  194  16:39  Orbital Command  
  195  16:41  Marine  
  195  16:42  Refinery, Widow Mine  
  195  16:46  Marine  
  195  16:47  Marine x2  
  196  16:48  Marauder  
  190  17:10  Widow Mine  
  190  17:11  Orbital Command  
  156  17:23  Liberator  
  156  17:24  Marine x2  
  156  17:25  Marauder x2, Widow Mine  
  156  17:28  Marine  
  156  17:29  Marauder  
  167  17:35  Orbital Command x3  
  167  17:37  Marauder, Widow Mine, Marine  
  169  17:39  Marine, Liberator  
  169  17:40  Widow Mine  
  169  17:43  Marine  
  179  17:46  Marauder x2, Widow Mine  
  183  17:51  Advanced Ballistics  
  183  17:53  Terran Ship Weapons Level 1, Starport  
  183  17:54  Marine, Starport  
  183  17:55  Marauder  
  183  17:57  Orbital Command  
  186  18:00  Widow Mine  
  186  18:02  Marine  
  186  18:03  Barracks Reactor, Marauder, Marine  
  192  18:06  Liberator  
  192  18:07  Marauder, Marine  
  192  18:10  Widow Mine  
  192  18:12  Marauder, Marine  
  199  18:18  Marine  
  199  18:19  Marauder  
  192  18:20  Marine  
  192  18:21  Widow Mine, Marine  
  192  18:22  Liberator  
  192  18:24  Marauder, Widow Mine, Marine  
  189  18:29  Marauder  
  174  18:34  Marauder  
  171  18:42  Marine  
  171  18:43  Marauder, Marine  
  171  18:44  Widow Mine, Marine  
  171  18:46  Marauder  
  171  18:47  Marine x2, Widow Mine  
  149  18:50  Marauder  
  149  18:53  Marine  
  149  18:55  Marauder  
  157  18:56  Medivac, Marine  
  157  18:57  Marine  
  157  18:59  Widow Mine  
  160  19:04  Marauder, Marine  
  160  19:05  Medivac  
  160  19:07  Marauder, Marine  
  159  19:12  Marauder  
  159  19:17  Marauder, Marine  
  151  19:18  Marine  
  151  19:21  Widow Mine  
  151  19:22  Orbital Command  
  135  19:24  Marine  
  135  19:26  Marauder, Liberator  
  135  19:27  Orbital Command  
  135  19:29  Marauder  
  133  19:33  Marauder  
  133  19:35  Medivac  
  133  19:36  Marine  
  133  19:37  Marine x2  
  133  19:38  Marauder, Marine x7  
  143  19:39  Widow Mine x2  
  143  19:42  SCV x2, Marine  
  143  19:44  Widow Mine  
  154  19:47  Marauder  
  154  19:50  Marauder  
  154  19:51  SCV x2  
  158  19:54  Marauder, Marine  
  158  19:55  Marine x3  
  158  19:56  Marine x3  
  158  19:57  Marine  
  158  19:59  Marauder  
  170  20:01  Widow Mine  
  170  20:02  Widow Mine  
  170  20:05  Widow Mine  
  176  20:08  Marine  
  176  20:09  Marauder  
  176  20:11  Marauder, Liberator  
  184  20:16  Marauder  
  184  20:21  Marauder  
  182  20:26  Marine  
  155  20:30  Marauder  
  155  20:31  Marine x2  
  155  20:33  Marauder, Marine  
  155  20:35  Marine x2  
  158  20:37  Refinery, Marauder, Marine x4  
  158  20:38  Refinery, Marine  
  158  20:42  Marauder  
  167  20:43  Widow Mine  
  167  20:44  Marine  
  167  20:48  Widow Mine  
  167  20:49  Marine x2  
  174  20:50  SCV x2  
  174  20:51  SCV, Marauder, Marine  
  174  20:52  Marine  
  174  20:53  Widow Mine  
  174  20:54  Marauder  
  174  20:55  Medivac x2, Marine  
  174  20:56  Marine  
  188  20:57  SCV x2, Marine x2  
  188  20:58  Refinery, Marine x2  
  188  20:59  Refinery, Marauder  
  188  21:04  Marauder, Marine  
  199  21:15  Marine  
  200  21:22  Marine x2  
  200  21:28  Marine  
  200  21:29  Marauder  
  200  21:31  Marine  
  200  21:32  Marauder  
  192  21:43  Medivac  
  192  21:45  Marine x3  
  169  21:47  Widow Mine  
  169  21:48  Medivac, Marine x2  
  169  21:49  Marauder, Marine x2  
  169  21:50  Marauder x2  
  169  21:51  Widow Mine, Marine  
  169  21:53  Marauder  
  176  21:55  Widow Mine  
  177  22:03  Marine  
  177  22:08  Orbital Command, Marine  
  174  22:10  Marauder  
  174  22:11  Orbital Command, Marauder x2, Marine  
  174  22:13  Medivac, Widow Mine  
  174  22:14  Marine  
  174  22:15  Marine x5  
  180  22:19  SCV, Command Center  
  180  22:21  Marine  
  185  22:25  Medivac, Marine  
  185  22:26  SCV x2  
  185  22:29  SCV, Command Center, Marine  
  189  22:31  Marine  
  189  22:32  SCV, Marine x2  
  189  22:33  Marauder  
  186  22:42  Marauder, Marine x3  
  186  22:43  Medivac  
  194  22:46  Marine  
  194  22:49  Marauder  
  196  22:51  Marine  
  196  22:52  Marauder  
  199  22:58  Marine  
  199  23:03  Widow Mine  
  187  23:49  Marauder, Marine  
  187  23:51  Marauder x2, Marine x2  
  187  23:52  Marauder, Widow Mine  
Show
View Real Time Build Order
Export as new Build Order

Lambo Zerg 

Build Orders: Hatch First 

Get SALT Encoding   

  12  0:00  Drone  
  13  0:12  Overlord  
  13  0:18  Drone  
  14  0:30  Drone x2  
  16  0:49  Hatchery  
  15  0:53  Drone  
  15  0:56  Drone  
  17  1:00  Drone  
  18  1:10  Extractor  
  17  1:16  Spawning Pool  
  16  1:19  Drone  
  16  1:24  Drone  
  18  1:29  Drone  
  19  1:39  Drone  
  20  1:50  Hatchery  
  20  1:53  Drone  
  20  2:03  Queen  
  20  2:06  Zergling x2  
  23  2:09  Zergling x2  
  24  2:19  Queen  
  26  2:29  Spore Crawler  
  25  2:30  Overlord  
  25  2:35  Spore Crawler  
  25  2:37  Spore Crawler  
  25  2:42  Metabolic Boost  
  25  2:43  Drone x2  
  28  2:49  Drone x2  
  28  2:51  Drone  
  31  2:54  Drone  
  32  3:00  Queen  
  32  3:03  Drone  
  35  3:06  Drone  
  35  3:10  Overlord  
  36  3:18  Drone x3  
  39  3:24  Queen  
  41  3:27  Drone  
  41  3:30  Overlord  
  41  3:32  Drone  
  43  3:39  Drone x2  
  45  3:42  Queen  
  45  3:43  Drone  
  45  3:45  Drone  
  45  3:47  Drone  
  50  3:52  Extractor  
  50  3:54  Drone x2  
  51  3:57  Queen  
  51  3:58  Drone  
  55  4:03  Drone x3  
  55  4:06  Overlord  
  58  4:13  Overlord  
  58  4:23  Queen  
  62  4:24  Zergling x6  
  62  4:25  Zergling x2  
  62  4:27  Drone x2  
  62  4:30  Overlord  
  66  4:31  Drone x3  
  66  4:32  Drone x2  
  71  4:38  Evolution Chamber  
  71  4:39  Drone x2  
  71  4:40  Evolution Chamber  
  71  4:41  Overlord  
  71  4:45  Spore Crawler  
  70  4:50  Spore Crawler x2  
  70  4:52  Zergling x4  
  70  4:53  Drone x3  
  70  4:57  Drone  
  70  4:59  Drone x2, Extractor  
  75  5:01  Overlord, Extractor  
  75  5:04  Drone x2  
  76  5:10  Zerg Melee Weapons Level 1, Zerg Ground Armor Level 1  
  76  5:14  Drone x4  
  76  5:17  Zergling x4  
  82  5:22  Drone x2  
  86  5:34  Drone x3  
  79  5:37  Drone x2  
  79  5:40  Drone  
  79  5:42  Drone x4  
  78  5:45  Drone x3  
  78  5:49  Drone  
  81  5:52  Lair  
  81  5:54  Drone, Baneling Nest  
  81  5:56  Overlord  
  81  6:02  Overlord  
  81  6:03  Extractor  
  78  6:07  Overlord  
  78  6:12  Overlord  
  78  6:15  Overlord  
  78  6:17  Hatchery, Drone x2  
  77  6:19  Drone  
  77  6:21  Drone  
  77  6:23  Overlord  
  78  6:26  Drone x6  
  84  6:37  Hatchery  
  84  6:38  Zergling x10  
  88  6:44  Pneumatized Carapace  
  88  6:45  Zergling x4  
  90  6:52  Zergling x8  
  90  6:53  Centrifical Hooks  
  94  6:56  Overlord  
  94  6:57  Overlord  
  94  6:58  Zergling x6  
  94  6:59  Baneling x2  
  94  7:00  Baneling x2  
  97  7:02  Zergling x4  
  97  7:07  Zerg Ground Armor Level 2  
  99  7:11  Zerg Melee Weapons Level 2  
  99  7:13  Zergling x4  
  101  7:16  Zergling x6  
  101  7:21  Zergling x10  
  109  7:24  Zergling x4  
  109  7:29  Queen  
  111  7:31  Zergling x8  
  111  7:35  Baneling x6  
  117  7:37  Zergling x4  
  117  7:39  Baneling x3  
  117  7:43  Drone x4  
  123  7:46  Zergling x4  
  125  7:55  Zergling x6  
  128  8:01  Zergling x18  
  131  8:07  Zergling x4  
  131  8:11  Zergling x4  
  125  8:14  Extractor  
  125  8:15  Hydralisk Den  
  125  8:16  Zergling x10  
  122  8:21  Drone x2  
  122  8:25  Drone  
  122  8:26  Drone x4  
  129  8:27  Extractor  
  129  8:28  Drone  
  129  8:29  Spore Crawler  
  129  8:32  Zergling x8  
  132  8:38  Zergling x6  
  133  8:44  Muscular Augments  
  133  8:46  Infestation Pit, Overlord  
  132  8:51  Drone  
  132  8:52  Overlord  
  132  8:53  Overlord  
  132  8:55  Overlord  
  133  8:56  Overlord  
  133  8:57  Overlord  
  133  9:02  Overlord  
  133  9:03  Hatchery  
  133  9:05  Zergling x22  
  141  9:13  Hydralisk x4  
  141  9:15  Overseer  
  149  9:22  Drone x5  
  149  9:23  Zerg Missile Weapons Level 1  
  149  9:25  Hydralisk  
  151  9:33  Hydralisk x4  
  159  9:41  Hydralisk x4  
  159  9:44  Zergling x8  
  171  9:50  Zergling x12  
  176  9:53  Baneling  
  176  9:54  Baneling x2  
  176  9:55  Grooved Spines  
  176  9:57  Hydralisk  
  176  9:58  Zergling x10  
  181  10:01  Hive  
  181  10:02  Baneling x5  
  181  10:03  Baneling  
  181  10:05  Baneling x4  
  181  10:10  Zergling x2, Spore Crawler  
  181  10:12  Overlord  
  162  10:21  Zergling x26  
  162  10:23  Overlord  
  175  10:29  Baneling x2  
  175  10:32  Zergling x18  
  181  10:39  Zergling x14  
  179  10:43  Zergling x4  
  175  10:52  Zergling x8  
  176  10:58  Drone x3  
  176  10:59  Drone x4  
  183  11:06  Hydralisk  
  183  11:07  Zergling x8  
  183  11:10  Baneling x12  
  189  11:11  Zergling x2  
  189  11:12  Zergling x4  
  189  11:16  Zergling x4  
  187  11:19  Zergling x2  
  187  11:22  Zergling x12  
  185  11:26  Zerg Melee Weapons Level 3, Zerg Ground Armor Level 3  
  185  11:36  Drone x4  
  185  11:37  Drone x2  
  183  11:40  Overlord  
  183  11:41  Overseer  
  183  11:46  Zergling x2, Hydralisk x2  
  183  11:47  Zergling x14  
  195  11:49  Zergling x2  
  195  11:50  Zergling x2  
  192  11:55  Zergling x8  
  192  12:00  Zergling x8  
  200  12:05  Overseer, Baneling x7  
  200  12:17  Overlord  
  200  12:20  Zergling x4  
  195  12:24  Zergling x8  
  195  12:28  Zergling x22  
  195  12:29  Zergling x8  
  195  12:36  Viper  
  198  12:47  Zergling x4  
  190  12:52  Zergling x10  
  190  12:55  Zergling x14  
  190  12:56  Zergling x4  
  169  12:59  Zergling x8  
  169  13:01  Zergling x2  
  169  13:02  Zergling x4  
  158  13:08  Baneling x11  
  158  13:10  Zergling x18  
  165  13:13  Zergling x2  
  165  13:16  Hydralisk x2, Baneling x7  
  165  13:18  Hydralisk  
  165  13:19  Hydralisk  
  170  13:21  Baneling x2  
  170  13:22  Zergling x2, Hydralisk, Baneling x5  
  155  13:28  Zergling x2, Hydralisk x3  
  155  13:31  Zergling x6  
  147  13:34  Zergling x2  
  147  13:37  Hydralisk  
  147  13:38  Zergling x2, Hydralisk x2  
  147  13:44  Hydralisk x3  
  147  13:48  Zergling x10  
  157  13:52  Zergling x6  
  159  13:58  Overseer  
  159  13:59  Zergling x14  
  159  14:02  Zergling x4  
  151  14:03  Zerg Missile Weapons Level 2  
  151  14:04  Zergling x8  
  151  14:06  Zergling x2  
  152  14:10  Zergling x6  
  155  14:18  Hatchery  
  155  14:19  Zergling x14  
  161  14:25  Zergling x14  
  161  14:29  Zergling x6  
  161  14:31  Overseer, Baneling x5  
  171  14:33  Viper  
  171  14:37  Queen  
  176  14:42  Viper  
  176  14:43  Zergling x2  
  176  14:44  Zergling x10  
  185  14:53  Zergling x16  
  191  15:04  Zergling x2  
  191  15:05  Zergling x12  
  198  15:10  Overseer  
  198  15:12  Spore Crawler, Drone x4  
  200  15:15  Spore Crawler  
  200  15:21  Baneling x27  
  199  15:25  Zergling x2  
  199  15:27  Baneling x10  
  199  15:32  Zergling x4  
  197  15:43  Overseer  
  197  15:44  Zergling x6  
  197  15:48  Overlord  
  200  16:12  Overlord  
  200  16:16  Overlord  
  200  16:18  Overlord  
  189  16:31  Zergling x2  
  189  16:32  Zergling x14  
  196  16:36  Hatchery  
  196  16:39  Zergling x10  
  195  16:58  Zergling x10  
  199  17:04  Zergling x10  
  199  17:05  Hatchery  
  188  17:09  Zergling x16  
  188  17:13  Zergling x6  
  192  17:20  Zergling x10  
  182  17:28  Drone x8  
  184  17:39  Zergling x20  
  184  17:42  Baneling x25  
  184  17:43  Baneling x8  
  194  17:47  Zergling x12  
  200  17:52  Overseer  
  200  17:53  Overseer x2  
  200  17:54  Zerg Missile Weapons Level 3  
  199  18:00  Zergling x2  
  194  18:13  Spore Crawler  
  194  18:17  Zergling x2  
  194  18:18  Zergling x12  
  194  18:19  Zergling x20  
  199  18:20  Zergling x2  
  192  18:29  Zergling x16  
  188  18:34  Zergling x2  
  188  18:35  Zergling x14  
  190  18:46  Zergling x18  
  181  18:53  Hydralisk x4  
  181  18:55  Baneling x8  
  176  18:56  Zergling x2  
  176  19:04  Hydralisk x8  
  176  19:07  Baneling  
  176  19:08  Baneling x7  
  182  19:11  Zergling x4  
  182  19:14  Zergling x2  
  182  19:15  Zergling x6  
  173  19:19  Hydralisk x4  
  166  19:24  Zergling x2  
  166  19:25  Zergling x8  
  166  19:29  Zergling x10  
  166  19:30  Zergling x10  
  175  19:34  Zergling x8  
  177  19:38  Lurker Den  
  177  19:39  Hatchery, Extractor  
  177  19:40  Zergling x2  
  177  19:41  Zergling x2  
  171  19:47  Zergling x12  
  171  19:51  Baneling x16  
  176  19:53  Hydralisk x6  
  176  19:56  Drone x3  
  185  20:07  Hydralisk x4  
  185  20:08  Zergling x2  
  185  20:10  Zergling x2  
  193  20:15  Zergling x10  
  191  20:22  Zergling x12  
  191  20:25  Zergling x4  
  180  20:29  Zergling x8  
  180  20:32  Zergling x4  
  180  20:33  Hatchery  
  178  20:36  Seismic Spines  
  177  20:42  Zergling x2  
  177  20:43  Zergling x8  
  177  20:47  Drone x4  
  177  20:48  Extractor  
  184  20:51  Extractor  
  184  20:54  Zergling x12  
  189  21:04  Extractor  
  189  21:06  Zergling x18  
  190  21:12  Zergling x10  
  190  21:18  Zergling x10  
  186  21:27  Zergling x14  
  186  21:31  Zergling x6  
  187  21:35  Overlord  
  151  21:47  Zergling x14  
  144  21:56  Zergling x8  
  143  22:14  Drone x2  
  143  22:15  Zergling x18  
  139  22:38  Hydralisk x4  
  146  22:47  Lurker x6  
  146  22:48  Lurker x4  
  152  23:02  Zergling x20  
  153  23:13  Overseer  
  153  23:15  Zergling x8  
  147  23:25  Zergling x6  
  136  23:33  Zergling x6  
  136  23:39  Zergling x4  
Tags
 
Add a new tag
Caveats
  • Supply blocks, unpowered buildings, or Contaminate may cause inaccurate times.
  • Supply counts are checked every 10 seconds.